 Dungeon Crawl Stone Soup version 0.21.0 (webtiles) character file.

23237 Quarterback16 the Cleaver (level 13, 0/115 HPs)
             Began as a Hill Orc Berserker on Jan 14, 2018.
             Was a High Priest of Trog.
             Slain by a meliai
             ... wielding a +0 hand axe
              (2 damage)
             ... on level 13 of the Dungeon on Jan 19, 2018.
             The game lasted 03:03:01 (20203 turns).

Quarterback16 the Cleaver (Hill Orc Berserker)     Turns: 20203, Time: 03:03:02

Health: 0/115      AC: 18    Str: 24    XL:     13   Next: 5%
Magic:  16/16      EV:  8    Int:  7    God:    Trog [*****.]
Gold:   457        SH:  0    Dex: 11    Spells: 12/12 levels left

rFire    + . .     SeeInvis .   g - -1 blowgun (curse)
rCold    . . .     Gourm    .   (no shield)
rNeg     . . .     Faith    .   h - +0 plate armour
rPois    .         Spirit   .   i - +0 helmet
rElec    .         Reflect  .   (no cloak)
rCorr    +         Harm     .   z - +0 pair of gloves
MR       .....                  (no boots)
Stlth    ..........             n - amulet of regeneration
HPRegen  0.69/turn              r - ring of resist corrosion
MPRegen  0.15/turn              G - ring of protection from fire

@: lethally poisoned (0 -> -1)
A: no striking features
a: Berserk, Trog's Hand, Brothers in Arms, Burn Spellbooks, Renounce Religion


You were on level 13 of the Dungeon.
You worshipped Trog.
Trog was extremely pleased with you.
You were not hungry.

You visited 2 branches of the dungeon, and saw 16 of its levels.

You collected 808 gold pieces.
You spent 351 gold pieces at shops.

Inventory:

Hand Weapons
 e - a +0 flail
 g - a cursed -1 blowgun (weapon)
 p - a +2 hand axe of chopping
 s - a +0 war axe
 M - a +2 battleaxe of electrocution
Missiles
 d - 7 javelins of returning
 m - 395 stones
 J - 10 tomahawks
 K - 5 steel tomahawks
 L - 2 poisoned needles (quivered)
Armour
 h - a +0 plate armour (worn)
 i - a +0 helmet (worn)
 w - a +0 buckler
 z - a +0 pair of gloves (worn)
 D - a +0 troll leather armour
 N - a +1 chain mail of positive energy
Jewellery
 n - an amulet of regeneration (around neck)
 q - a +4 ring of intelligence
 r - a ring of resist corrosion (left hand)
 G - a ring of protection from fire (right hand)
Wands
 a - a wand of digging (12)
 k - a wand of iceblast (12)
 x - a wand of flame (36)
Scrolls
 B - a scroll of immolation
 C - a scroll of magic mapping
 F - a scroll of fear
Potions
 b - a potion of curing
 f - 2 potions of heal wounds
 j - a potion of haste
 l - a potion of flight
 o - a potion of agility
 t - 2 potions of lignification
 u - a potion of brilliance
 A - a potion of might
Comestibles
 c - 18 rations


   Skills:
 + Level 10.9 Fighting
 + Level 14.4 Axes
 + Level 1.7(8.3) Maces & Flails
 + Level 8.1 Throwing
 + Level 12.5 Armour
 + Level 2.6 Dodging
 + Level 1.7 Stealth
 + Level 4.3 Shields
 + Level 4.9 Evocations


You had 12 spell levels left.
You didn't know any spells.

Dungeon Overview and Level Annotations

Branches:
Dungeon (15/15)            Temple (0/1) D:7            Lair (0/6) D:10
    Orc (1/2) D:9
 Vaults: D:13-14     Depths: D:15

Altars:
Ashenzari
Elyvilon
Makhleb
Nemelex Xobeh
Okawaru
Ru
Sif Muna
Uskayaw
Vehumet
Xom
Yredelemnul
Zin

Shops:
D:11 !

Annotations:
D:12 exclusion: obsidian statue
D:14 Urug


Message History

You feel sick.
The meliai invokes the aid of its god against you.
Something smites you!
* * * LOW HITPOINT WARNING * * *
The meliai barely misses you.
The meliai stings you but does no damage.
You feel sick. The meliai hits you but does no damage.
The meliai barely misses you.
You feel sick.
You feel sick. The meliai hits you but does no damage.
The meliai stings you but does no damage.
The meliai invokes the aid of its god against you.
Something smites you!
* * * LOW HITPOINT WARNING * * *
You feel sick. The meliai hits you but does no damage. The meliai stings you.
* * * LOW HITPOINT WARNING * * *
You feel sick. The meliai hits you but does no damage.
The meliai stings you but does no damage.
You feel sick. The meliai hits you but does no damage. The meliai stings you.
You die...

.........#.########.# #.# **
###.######.########.#######.#
* # #.# #.........l........#
* # #.# ##########.#########
* ###.### #y# * ......## #.#
# ###....## ####.# #
##.#.#.##### #.yWy# #
#..........# #@#### *
##.#.#.###.# #.# ** ##(..##
#.# #.# ******* **, ##.##
#.####.#****,,,,,****,* #.#
#.....#......#**,,,,,** #.#
######.####..# ******,* #.#
*.# *,,* **, #.# *.# #.,* **
#.# *.# #..* *


You could see a hungry ghost and 2 meliai.

Vanquished Creatures
  3 hydras
  2 centaur warriors
  3 two-headed ogres
  The ghost of Caerwyn the Magician, a novice GnIE of Okawaru (D:9)
  An unseen horror (D:11)
  A wolf spider zombie (D:13)
  2 ugly things
  3 manticores
  2 kobold demonologists (D:13)
  4 trolls
  A meliai (D:13)
  A troll (shapeshifter) (D:12)
  A hippogriff (D:11)
  The ghost of ranglespleeg the Insei, an amateur OpTm (D:3)
  Sigmund (D:2)
  A vampire (D:11)
  A wyvern (D:15)
  22 yaks
  A steam dragon (D:10)
  4 vampire mosquitoes
  A hungry ghost (D:12)
  A soldier ant (D:11)
  4 sky beasts
  10 orc warriors
  A necrophage (D:10)
  An eye of draining (D:11)
  A tengu (D:9)
  4 ice beasts
  A wolf (D:7)
  5 ogres
  A black bear (D:13)
  9 centaurs
  A crocodile (D:10)
  10 big kobolds
  11 bullfrogs
  3 gnoll sergeants (D:9)
  A wyvern zombie (D:12)
  5 scorpions
  5 killer bees (D:7)
  5 wights (D:11)
  4 jellies
  3 howler monkeys
  2 bullfrog zombies
  3 crimson imps
  A quasit (D:9)
  6 hounds
  13 orc wizards
  3 centaur skeletons
  8 orc priests
  2 bullfrog skeletons
  4 iguanas
  8 worker ants
  2 hound skeletons
  A hound zombie (D:6)
  4 howler monkey skeletons
  2 worker ant zombies
  Robin (D:4)
  10 adders
  7 gnolls
  A shadow imp (D:12)
  An ooze (D:1)
  3 adder zombies
  A worm (D:4)
  6 dart slugs (D:1)
  3 leopard geckos
  44 orcs
  A ball python (D:1)
  7 giant cockroaches
  16 goblins
  9 hobgoblins
  12 jackals
  5 quokkas
  5 bats
  5 frilled lizards
  18 kobolds
  A leopard gecko skeleton (D:5)
  A quokka skeleton (D:9)
  A quokka zombie (D:5)
  6 rats
366 creatures vanquished.

Vanquished Creatures (collateral kills)
  A cyclops (D:11)
1 creature vanquished.

Vanquished Creatures (others)
  A bush (D:6)
1 creature vanquished.

Grand Total: 368 creatures vanquished

Notes
Turn   | Place    | Note
-------+----------+-------------------------------------------
     0 | D:1      | Quarterback16 the Hill Orc Berserker began the quest for the Orb.
     0 | D:1      | Reached XP level 1. HP: 19/19 MP: 1/1
    47 | D:1      | Reached XP level 2. HP: 15/27 MP: 2/2
  1313 | D:1      | Reached XP level 3. HP: 33/33 MP: 3/3
  2587 | D:2      | Reached ** piety under Trog
  2641 | D:2      | Found a radiant altar of Vehumet.
  2655 | D:2      | Reached XP level 4. HP: 41/41 MP: 4/4
  2699 | D:2      | Noticed Sigmund
  2708 | D:2      | Killed Sigmund
  2708 | D:2      | Reached skill level 6 in Axes
  2708 | D:2      | Reached skill level 1 in Throwing
  2708 | D:2      | Reached XP level 5. HP: 47/47 MP: 5/5
  2918 | D:2      | Found a shattered altar of Ashenzari.
  3603 | D:3      | Reached XP level 6. HP: 49/53 MP: 6/6
  3769 | D:3      | Noticed ranglespleeg's ghost (amateur OpTm)
  3784 | D:3      | Killed ranglespleeg's ghost
  3784 | D:3      | Reached XP level 7. HP: 60/60 MP: 7/7
  4062 | D:4      | Found a sparkling altar of Nemelex Xobeh.
  4170 | D:4      | Reached skill level 7 in Axes
  4170 | D:4      | Reached skill level 5 in Armour
  4376 | D:4      | Found an iron altar of Okawaru.
  4396 | D:5      | Entered Level 5 of the Dungeon
  4403 | D:4      | Reached skill level 1 in Stealth
  4435 | D:4      | Reached skill level 5 in Fighting
  4453 | D:4      | Found a sacrificial altar of Ru.
  4639 | D:4      | Found a hide-covered altar of Uskayaw.
  4641 | D:4      | Noticed a hand axe
  4641 | D:4      | Noticed a dagger
  4962 | D:4      | Reached *** piety under Trog
  4965 | D:4      | Noticed Robin
  4971 | D:4      | Killed Robin
  5587 | D:5      | Noticed an angel
  5587 | D:5      | Found a glowing silver altar of Zin.
  5587 | D:5      | Found a shimmering altar of Xom.
  5608 | D:5      | Reached XP level 8. HP: 69/69 MP: 8/8
  5634 | D:5      | Reached skill level 1 in Evocations
  5887 | D:5      | Found a deep blue altar of Sif Muna.
  6703 | D:5      | Reached skill level 8 in Axes
  6813 | D:6      | Found a radiant altar of Vehumet.
  7204 | D:6      | Reached skill level 9 in Axes
  7631 | D:7      | Reached **** piety under Trog
  7657 | D:7      | Reached XP level 9. HP: 72/75 MP: 9/9
  7805 | D:8      | Reached skill level 10 in Axes
  8631 | D:7      | Found a staircase to the Ecumenical Temple.
  9367 | D:8      | Noticed a two-headed ogre
  9370 | D:8      | Noticed a manticore
  9370 | D:8      | a two-headed ogre changed into a manticore
  9384 | D:8      | Killed a manticore
  9384 | D:8      | Reached skill level 11 in Axes
  9748 | D:10     | Entered Level 10 of the Dungeon
  9902 | D:9      | Found a burning altar of Makhleb.
  9936 | D:9      | Reached XP level 10. HP: 86/86 MP: 11/11
 10109 | D:10     | Noticed a two-headed ogre
 10119 | D:9      | Killed a two-headed ogre
 10119 | D:9      | Reached skill level 5 in Throwing
 10205 | D:9      | Reached skill level 12 in Axes
 10270 | D:9      | Reached skill level 1 in Shields
 10618 | D:9      | Found a staircase to the Orcish Mines.
 10642 | Orc:1    | Entered Level 1 of the Orcish Mines
 10650 | D:9      | Noticed Caerwyn's ghost (novice GnIE)
 10652 | D:9      | Noticed a two-headed ogre
 10668 | D:9      | Killed Caerwyn's ghost
 10680 | D:9      | HP: 1/88 [troll (6)]
 10688 | D:9      | Found a white marble altar of Elyvilon.
 11015 | D:9      | Found a basalt altar of Yredelemnul.
 11417 | D:9      | Killed a two-headed ogre
 11417 | D:9      | Reached XP level 11. HP: 95/95 MP: 13/13
 11436 | D:9      | Reached ***** piety under Trog
 11436 | D:9      | Received a gift from Trog
 12027 | D:10     | Received a gift from Trog
 12164 | D:10     | Found a staircase to the Lair.
 12316 | D:10     | Reached skill level 13 in Axes
 12578 | D:10     | Found a hide-covered altar of Uskayaw.
 12822 | D:10     | Reached skill level 10 in Armour
 13034 | D:11     | Noticed a cyclops
 13324 | D:11     | Killed an unseen horror
 13343 | D:11     | Killed a cyclops
 13511 | D:11     | Noticed a seven-headed hydra
 13521 | D:11     | Killed a seven-headed hydra
 13741 | D:11     | Found Nilekios's Distillery.
 13767 | D:11     | Bought a potion of heal wounds for 65 gold pieces
 13767 | D:11     | Bought a potion of heal wounds for 65 gold pieces
 13767 | D:11     | Bought a potion of flight for 39 gold pieces
 13767 | D:11     | Bought a potion of brilliance for 52 gold pieces
 13767 | D:11     | Bought a potion of might for 52 gold pieces
 13767 | D:11     | Bought a potion of curing for 39 gold pieces
 13767 | D:11     | Bought a potion of curing for 39 gold pieces
 13886 | D:11     | Noticed an eight-headed hydra
 13899 | D:11     | Killed an eight-headed hydra
 13900 | D:11     | Received a gift from Trog
 14408 | D:11     | Reached skill level 1 in Maces & Flails
 15011 | D:10     | Reached XP level 12. HP: 98/106 MP: 15/15
 15756 | D:12     | Reached skill level 10 in Fighting
 15759 | D:12     | Received a gift from Trog
 15776 | D:11     | Reached skill level 14 in Axes
 17009 | D:12     | Received a gift from Trog
 17190 | D:13     | Noticed a two-headed ogre
 17198 | D:12     | Killed a two-headed ogre
 17214 | D:13     | Noticed a centaur warrior
 17396 | D:13     | Noticed a centaur warrior
 17409 | D:13     | Killed a centaur warrior
 17957 | D:13     | Noticed a five-headed hydra
 17967 | D:13     | Killed a five-headed hydra
 18143 | D:13     | Received a gift from Trog
 18629 | D:15     | Entered Level 15 of the Dungeon
 18885 | D:12     | Killed a centaur warrior
 19134 | D:12     | Reached XP level 13. HP: 115/115 MP: 16/16
 19950 | D:13     | Received a gift from Trog
 19993 | D:14     | Noticed a fire dragon
 19994 | D:14     | Noticed Urug
 20200 | D:13     | HP: 5/115 [meliai/divine providence (7)]
 20203 | D:13     | HP: 2/115 [poisoned by a meliai]
 20203 | D:13     | Slain by a meliai

Skill      XL: |  1  2  3  4  5  6  7  8  9 10 11 12 13 |
---------------+----------------------------------------+-----
Fighting       | 4 5 6 7 8 9 10 | 10.9
Axes           | 6 7 9 11 12 13 14 | 14.4
Throwing       | 1 2 3 4 5 6 7 8 |  8.1
Armour         | 3 4 5 6 7 9 10 12 | 12.5
Dodging        | 2 |  2.6
Stealth        | 1 |  1.7
Evocations     | 1 2 3 4 |  4.9
Shields        | 2 3 4 |  4.3
Maces & Flails | 1 |  1.7

Action                   |  1- 3 |  4- 6 |  7- 9 | 10-12 | 13-15 || total
-------------------------+-------+-------+-------+-------+-------++-------
Melee: Hand axe          |   117 |    46 |   407 |   680 |       ||  1250
       Flail             |       |       |       |    34 |       ||    34
       Blowgun           |       |       |       |     9 |     4 ||    13
 Fire: Blowgun           |       |       |       |   104 |    36 ||   140
Throw: Stone             |    25 |    21 |    66 |    33 |       ||   145
       Tomahawk          |       |       |    29 |   156 |       ||   185
       Javelin           |       |       |       |     4 |    23 ||    27
Invok: Berserk           |       |     3 |     6 |    12 |       ||    21
       Burn Spellbooks   |       |       |     2 |     1 |       ||     3
       Brothers in Arms  |       |       |       |     1 |       ||     1
Evoke: Wand              |       |       |    23 |    86 |     2 ||   111
  Use: Scroll            |     5 |     1 |     6 |    14 |     2 ||    28
       Potion            |     1 |       |     1 |    15 |     1 ||    18
 Stab: Distracted        |       |       |       |     1 |       ||     1
  Eat: Chunk             |     5 |     6 |    16 |    28 |       ||    55
       Ration            |       |       |     3 |     4 |     1 ||     8
Armor: Animal skin       |    14 |       |       |       |       ||    14
       Scale mail        |    21 |     1 |       |       |       ||    22
       Plate armour      |       |    20 |   223 |   474 |   166 ||   883
       Chain mail        |       |       |       |    41 |       ||    41
Dodge: Dodged            |    66 |    14 |   130 |   275 |    69 ||   554
Block: Buckler           |       |       |     4 |   134 |       ||   138
